 Dungeon Crawl Stone Soup version 0.31-a0-188-g5e087ee2ca (webtiles) character file.

Game seed: 2989692046140508261

1914 qw the Skirmisher (level 8, -1/48 HPs)
             Began as a Deep Elf Hunter on June 23, 2023.
             Slain by a rust devil (5 damage)
             ... on level 5 of the Dungeon.
             The game lasted 00:01:46 (4824 turns).

qw the Skirmisher (Deep Elf Hunter)                 Turns: 4824, Time: 00:01:47

Health: -1/48      AC:  0    Str: 10    XL:     8   Next: 95%
Magic:  10/10      EV: 12    Int: 15    God:
Gold:   251        SH:  0    Dex: 18    Spells: 7/7 levels left

rFire   . . .        a - +0 shortbow (heavy)
rCold   . . .        (shield currently unavailable)
rNeg    + . .        f - +0 ring mail
rPois   .            (no helmet)
rElec   .            (no cloak)
rCorr   .            d - +2 pair of gloves
SInv    .            (no boots)
Will    .....        (no amulet)
Stlth   +            e - ring of positive energy
HPRegen 0.28/turn    (no ring)
MPRegen 0.12/turn

%: no passive effects
@: corroded
A: no striking features
a: no special abilities


You were on level 5 of the Dungeon.
You visited 1 branch of the dungeon, and saw 6 of its levels.

You collected 251 gold pieces.


   Skills:
 - Level 4.9 Fighting
 + Level 13.4 Ranged Weapons
 - Level 1.0 Armour
 - Level 4.1 Dodging
 - Level 1.2 Stealth


You had 7 spell levels left.
You didn't know any spells.
Your spell library was empty.

Inventory:

Hand Weapons
 a - a +0 heavy shortbow (weapon)
Armour
 d - a +2 pair of gloves (worn)
 f - a +0 ring mail (worn)
Jewellery
 e - a ring of positive energy (left hand)
 k - a ring of fire
Scrolls
 c - a scroll of identify
Potions
 b - a potion of cancellation
 j - 2 potions of might

Dungeon Overview and Level Annotations

Branches:
Dungeon (6/15)
 Temple: D:4-7

Altars:
Fedhas
Kikubaaqudgha
Xom

Shops:
D:4 :

Annotations:
D:4 exclusion: gnoll


Message History

Enter note:
Enter note: You shoot an arrow.
The arrow closely misses the orc warrior.
You shoot an arrow. The arrow hits the orc warrior!
The orc warrior is moderately wounded.
The orc warrior hits you but does no damage.
The orc warrior hits you with a +0 long sword!
You shoot an arrow. The arrow hits the orc warrior!!
You kill the orc warrior!
The orc warrior hits you with a +0 flail.
You shoot an arrow. The arrow hits the orc warrior.
The orc warrior is lightly wounded.
The orc warrior closely misses you.
You shoot an arrow.
The arrow hits the orc warrior but does no damage.
The orc warrior is lightly wounded.
The orc warrior hits you with a +0 flail.
The rust devil barely misses you.
You shoot an arrow. The arrow hits the orc warrior!
The orc warrior is moderately wounded.
The orc warrior hits you with a +0 flail.
The rust devil completely misses you.
You shoot an arrow.
The arrow hits the orc warrior but does no damage.
The orc warrior is moderately wounded.
The orc warrior hits you with a +0 flail!
The rust devil hits you. The rust devil corrodes you!
The rust devil misses you. The orc warrior closely misses you.
The rust devil closely misses you. The rust devil hits you!
The rust devil corrodes you!
You shoot an arrow.
The arrow hits the orc warrior but does no damage.
The orc warrior is moderately wounded.
The orc warrior misses you. The rust devil misses you.
The rust devil closely misses you.
You shoot an arrow. The arrow hits the orc warrior.
The orc warrior is heavily wounded.
The orc warrior hits you with a +0 flail!
The rust devil completely misses you. The rust devil hits you.
You die...

#.##......# #.#######..).###
#.##......##### #...............
#.##..........# #......)).......
#.##......###.# #...............
##.##......###.###.#######....###
##.##..............# #.......
...########.##.....### #...####
#### ######.)..###...## #...# #
##.......###@###..# #...#
#.....#.##74o47##.####...#
#####/.##...#).....)#..#.#...####
.......##..###.....###....#.....#
######.###.#,+..8..+,#..........#
#.....###.....###....#.###.#
###....#).....)#..#.##.###.#
##...##7...7##.##.........
###..###\###..###)......#


You could see 2 rust devils and an orc warrior.

Vanquished Creatures
  Pikel (D:5)
  Sigmund (D:6)
  An orc warrior (D:5)
  An ice beast (D:5)
  An ogre (D:6)
  A phantom (D:5)
  3 scorpions
  A vampire bat (D:3)
  A howler monkey (D:6)
  4 crimson imps (D:4)
  4 jellies
  3 orc priests
  A hound (D:5)
  A sleepcap (D:3)
  An orc wizard (D:5)
  An iguana (D:6)
  8 gnolls
  7 adders
  3 worms (D:3)
  6 dart slugs
  18 orcs
  5 ball pythons
  3 bats
  3 bat skeletons (D:3)
  2 bat zombies (D:3)
  17 endoplasms
  5 giant cockroaches
  5 hobgoblins
  9 kobolds
  2 quokkas
  5 frilled lizards
  5 goblins
  2 rats (D:2)
131 creatures vanquished.

Notes
Turn   | Place    | Note
-------+----------+-------------------------------------------
     0 | D:1      | qw the Deep Elf Hunter began the quest for the Orb.
     0 | D:1      | Reached XP level 1. HP: 12/12 MP: 3/3
     0 | D:1      | 0 ||| qw: Version: 0.3-a-9-g12657ce
     0 | D:1      | 0 ||| qw: Game counter: 3862
     0 | D:1      | 0 ||| qw: Always use a shield: true
     0 | D:1      | 0 ||| qw: God list: Okawaru
     0 | D:1      | 0 ||| qw: Allow faded altars: false
     0 | D:1      | 0 ||| qw: Do Orc after D:15 true
     0 | D:1      | 0 ||| qw: Do second Lair branch before Depths: true
     0 | D:1      | 0 ||| qw: Lair rune preference: random
     0 | D:1      | 0 ||| qw: Plans: Normal
     0 | D:1      | 0 ||| PLANNING D:1-11
   413 | D:1      | Reached skill level 6 in Ranged Weapons
   413 | D:1      | Reached XP level 2. HP: 15/16 MP: 4/4
   960 | D:1      | 960 ||| UPGRADING to +0 pair of gloves.
   965 | D:1      | 965 ||| UPGRADING to +0 ring mail.
   975 | D:1      | 975 ||| DROPPING +0 leather armour.
   976 | D:1      | 976 ||| READING 2 scrolls labelled HIECLEUNOI.
   977 | D:1      | 977 ||| READING scroll of enchant armour.
   977 | D:1      | 977 ||| ENCHANTING +0 pair of gloves.
   978 | D:1      | 978 ||| READING scroll labelled XUCVUHOLOA.
   979 | D:1      | 979 ||| READING scroll labelled LAQAL UGRARGH.
   982 | D:1      | 982 ||| DRINKING 2 lumpy grey potions.
  1087 | D:1      | 1087 ||| DRINKING 2 emerald potions.
  1088 | D:1      | 1088 ||| DROPPING scroll of butterflies.
  1089 | D:1      | 1089 ||| DROPPING potion of berserk rage.
  1209 | D:2      | HP: 4/16 [adder (3)]
  1211 | D:2      | Reached XP level 3. HP: 6/20 MP: 5/5
  1254 | D:2      | 1254 ||| FLEEEEING.
  1417 | D:2      | 1417 ||| FLEEEEING.
  1543 | D:2      | Reached skill level 7 in Ranged Weapons
  1701 | D:2      | 1701 ||| READING 2 scrolls labelled BOIHIAME RUH.
  1702 | D:2      | 1702 ||| DRINKING 2 green potions.
  1703 | D:2      | 1703 ||| DRINKING 2 silvery potions.
  1704 | D:2      | 1704 ||| DRINKING 2 fuming silvery potions.
  1705 | D:2      | 1705 ||| DROPPING potion of attraction.
  1723 | D:3      | 1723 ||| STAIRDANCE
  1838 | D:3      | Reached XP level 4. HP: 25/25 MP: 6/6
  1949 | D:3      | Reached skill level 8 in Ranged Weapons
  2130 | D:3      | Found a faded altar of an unknown god.
  2213 | D:3      | Found an ancient bone altar of Kikubaaqudgha.
  2219 | D:3      | Reached XP level 5. HP: 29/29 MP: 7/7
  2336 | D:3      | Found a blossoming altar of Fedhas.
  2438 | D:3      | 2438 ||| READING scroll labelled MALEESH TOZU.
  2518 | D:4      | 2518 ||| STAIRDANCE
  2521 | D:3      | HP: 5/29 [gnoll/+0 club (4)]
  2522 | D:3      | 2522 ||| READING scroll of teleportation.
  2522 | D:3      | HP: 2/29 [gnoll/+0 club (3)]
  2523 | D:3      | 2523 ||| DRINKING potion of heal wounds.
  2546 | D:3      | Reached skill level 9 in Ranged Weapons
  2554 | D:4      | 2554 ||| STAIRDANCE
  2558 | D:3      | HP: 6/29 [orc/+0 hand axe (3)]
  2667 | D:4      | 2667 ||| STAIRDANCE
  2856 | D:4      | Reached XP level 6. HP: 33/35 MP: 8/8
  2950 | D:4      | Found a shimmering altar of Xom.
  3004 | D:4      | Reached skill level 10 in Ranged Weapons
  3029 | D:4      | Reached skill level 3 in Dodging
  3158 | D:4      | Reached skill level 1 in Armour
  3246 | D:4      | Reached XP level 7. HP: 40/40 MP: 9/9
  3364 | D:4      | Found Putuinote's Book Boutique.
  3396 | D:4      | 3396 ||| READING scroll labelled ODOKLU VAENOI.
  3402 | D:4      | 3402 ||| STAIRDANCE
  3458 | D:5      | Entered Level 5 of the Dungeon
  3471 | D:5      | 3471 ||| READING scroll of enchant armour.
  3471 | D:5      | 3471 ||| ENCHANTING +1 pair of gloves.
  3483 | D:5      | 3483 ||| Stepping ~*~*~tactically~*~*~ (outnumbered).
  3489 | D:5      | Reached skill level 11 in Ranged Weapons
  3498 | D:5      | HP: 9/40 [something (4)]
  3545 | D:5      | HP: 10/40 [poisoned by an adder]
  3550 | D:5      | HP: 6/40 [poisoned by an adder]
  3919 | D:5      | Reached skill level 12 in Ranged Weapons
  3942 | D:5      | Identified the +5 mace of the Gibberer {heavy, rPois rF+}
  4091 | D:5      | Noticed Pikel
  4098 | D:5      | Killed Pikel
  4099 | D:5      | Reached XP level 8. HP: 29/48 MP: 10/10
  4418 | D:5      | 4418 ||| UPGRADING to ring of positive energy.
  4419 | D:5      | 4419 ||| READING scroll labelled CONOTE POFEUW.
  4455 | D:6      | Noticed Sigmund
  4463 | D:6      | Killed Sigmund
  4683 | D:6      | Reached skill level 13 in Ranged Weapons
  4805 | D:6      | 4805 ||| READING scroll labelled PIZ URHECVAKK.
  4806 | D:6      | 4806 ||| READING 2 scrolls of identify.
  4806 | D:6      | 4806 ||| IDENTIFYING fizzy coppery potion
  4807 | D:6      | 4807 ||| DROPPING potion of invisibility.
  4814 | D:6      | 4814 ||| STAIRDANCE
  4815 | D:5      | Noticed a rust devil
  4815 | D:5      | Noticed a rust devil
  4824 | D:5      | HP: 4/48 [orc warrior/+0 flail (11)]
  4824 | D:5      | Slain by a rust devil

Levels and vault maps discovered:
D:1:      evilmike_arrival_hilbert_curve, layout_loops_corners
D:2:      layout_rooms, chequers_serial_rivers_small_a,
          hangedman_abyss_or_decor_lesser_grid, grunt_ministairs_14,
          nicolae_figureground_pulse
D:3:      layout_basic, kennysheep_vampire_church,
          nicolae_overflow_ecumenical_swirl
D:4:      cheibrodos_fertilizer, layout_rooms, led_xom_imps, serial_aquarium,
          aquarium_bridge_square [aquarium_subvault_bridge,
          aquarium_subvault_bridge, aquarium_subvault_window,
          aquarium_subvault_window], aquarium_window_double, aquarium_window_3,
          aquarium_view_2b, aquarium_view_2f, aquarium_balcony_3b, serial_shops,
          nicolae_shop_hallway_plus
D:5:      cheibrodos_iron_armory, layout_loops_cross, uniq_pikel
D:6:      wad_pebble_path, layout_basic, nicolae_half_adder, uniq_sigmund

Skill      XL: |  1  2  3  4  5  6  7  8 |
---------------+-------------------------+-----
Ranged Weapons | 6 7 8 9 10 12 13 | 13.4
Fighting       | 2 4 |  4.9
Dodging        | 3 4 |  4.1
Armour         | 1 |  1.0
Stealth        | |  1.2

Action                     |  1- 3 |  4- 6 |  7- 9 || total
---------------------------+-------+-------+-------++-------
   Fire: Shortbow          |   118 |   152 |   121 ||   391
    Use: Scroll            |     5 |     2 |     5 ||    12
         Potion            |     5 |     1 |       ||     6
 Armour: Leather armour    |     1 |       |       ||     1
         Ring mail         |    19 |    64 |    23 ||   106
  Dodge: Dodged            |    26 |    88 |    31 ||   145

Table legend:
 A = Non-vault XP
 B = Vault XP
 C = Vault XP percentage of total XP
 D = Non-vault monster count
 E = Vault monster count
 F = Vault count percentage of total count
                 A         B        C        D         E       F
            +---------+---------+-------+---------+---------+-------
      Total |    1385 |    1350 |  49.4 |      99 |      32 |  24.4
            +---------+---------+-------+---------+---------+-------
        D:1 |      26 |       0 |   0.0 |      13 |       0 |   0.0
        D:2 |      41 |       4 |   8.9 |      16 |       2 |  11.1
        D:3 |     168 |      67 |  28.5 |      22 |       6 |  21.4
        D:4 |     227 |     306 |  57.4 |      15 |      21 |  58.3
        D:5 |     701 |     750 |  51.7 |      29 |       2 |   6.5
        D:6 |     222 |     223 |  50.1 |       4 |       1 |  20.0
            +---------+---------+-------+---------+---------+-------
